BLB
TORONTO CANADIANS @ HARTFORD WHALERS
03/04/2060
 
TOP OF THE 1ST
Toronto Canadians batting - Pitching for Hartford Whalers : LHP James Sisson
Pitching: LHP James Sisson
Batting: LHB Chase Calhoun 0-0: Called Strike
0-1: Foul Ball, location: 2F
0-2: Strikes out swinging
Batting: RHB Olin Keele 0-0: Ball
1-0: Foul Ball, location: 2F
1-1: Swinging Strike
1-2: Ground out 5-3 (Groundball, 56, EV 104.4 MPH)
Batting: LHB Brian Wheat 0-0: Foul Ball, location: 2F
0-1: Fly out, F2 (Popup, 2LF, EV 93.1 MPH)
Top of the 1st over - 0 runs, 0 hits, 0 errors, 0 left on base; Toronto 0 - Hartford 0
BOTTOM OF THE 1ST
Hartford Whalers batting - Pitching for Toronto Canadians : RHP Drew Durham
Pitching: RHP Drew Durham
Batting: LHB Mort Wheeler 0-0: Ball
1-0: Ground out 6-3 (Groundball, 6, EV 85.6 MPH)
Batting: LHB Dalton Winger 0-0: Ground out 6-3 (Groundball, P, EV 88.1 MPH)
Batting: RHB Abel Kazaz 0-0: Called Strike
0-1: Ball
1-1: Ball
2-1: Foul Ball, location: 2F
2-2: Strikes out swinging
Bottom of the 1st over - 0 runs, 0 hits, 0 errors, 0 left on base; Toronto 0 - Hartford 0
TOP OF THE 2ND
Toronto Canadians batting - Pitching for Hartford Whalers : LHP James Sisson
Batting: RHB Carlos Kinney 0-0: Ball
1-0: Called Strike
1-1: Hit by Pitch
Batting: LHB Kelvin Kenney 0-0: Ball
1-0: Grounds out, U3 (Groundball, 3L, EV 87.5 MPH)
Batting: RHB Ricky Douglas 0-0: Foul Ball, location: 2F
0-1: Ground out 6-3 (Groundball, 6, EV 91.9 MPH)
Batting: LHB Braden Tallman 0-0: SINGLE (Groundball, 56D, EV 105.0 MPH)
Carlos Kinney to third
Runner from 3rd tries for Home, SAFE, throw by LF to home
Batting: RHB Dave Root 0-0: Ball
1-0: Fly out, F8 (Flyball, 8RM, EV 83.8 MPH)
Top of the 2nd over - 1 run, 1 hit, 0 errors, 1 left on base; Toronto 1 - Hartford 0
BOTTOM OF THE 2ND
Hartford Whalers batting - Pitching for Toronto Canadians : RHP Drew Durham
Batting: LHB Amric Robinson 0-0: Called Strike
0-1: Swinging Strike
0-2: Ball
1-2: Ball
2-2: Ball
3-2: DOUBLE (Line Drive, 5D, EV 113.1 MPH)
Batting: SHB JaQawn Schiegl 0-0: Ball
1-0: Swinging Strike
1-1: SINGLE (Groundball, 34D, EV 96.9 MPH)
Amric Robinson to third
Batting: RHB Amar Giles 0-0: Grounds into double play, 4-6-3 (Groundball, 34, EV 83.1 MPH)
Amric Robinson scores
Batting: RHB Reilly Wren 0-0: Ball
1-0: Ball
2-0: Swinging Strike
2-1: Swinging Strike
2-2: Strikes out looking
Bottom of the 2nd over - 1 run, 2 hits, 0 errors, 0 left on base; Toronto 1 - Hartford 1
TOP OF THE 3RD
Toronto Canadians batting - Pitching for Hartford Whalers : LHP James Sisson
Batting: RHB Dave Babb 0-0: Called Strike
0-1: Fly out, F8 (Flyball, 8LS, EV 87.5 MPH)
Batting: LHB Chase Calhoun 0-0: Ball
1-0: Fly out, F8 (Flyball, 89M, EV 92.5 MPH)
Batting: RHB Olin Keele 0-0: Ground out U3 (Groundball, 34S, EV 92.5 MPH)
Top of the 3rd over - 0 runs, 0 hits, 0 errors, 0 left on base; Toronto 1 - Hartford 1
BOTTOM OF THE 3RD
Hartford Whalers batting - Pitching for Toronto Canadians : RHP Drew Durham
Batting: RHB Simon Moody 0-0: Called Strike
0-1: Ball
1-1: Fly out, F8 (Line Drive, 8RS, EV 99.4 MPH)
Batting: RHB Seth Floyd 0-0: Called Strike
0-1: SINGLE (Groundball, 6D, EV 111.2 MPH)
Batting: LHB Mort Wheeler 0-0: Swinging Strike
0-1: Swinging Strike
0-2: Strikes out swinging
Batting: LHB Dalton Winger 0-0: Ball
1-0: SINGLE (Groundball, 56D, EV 98.8 MPH)
Seth Floyd to second
Batting: RHB Abel Kazaz 0-0: Ground out 6-3 (Groundball, 6M, EV 88.1 MPH)
Bottom of the 3rd over - 0 runs, 2 hits, 0 errors, 2 left on base; Toronto 1 - Hartford 1
TOP OF THE 4TH
Toronto Canadians batting - Pitching for Hartford Whalers : LHP James Sisson
Batting: LHB Brian Wheat 0-0: Swinging Strike
0-1: Foul Ball, location: 2F
0-2: Foul Ball, location: 2F
0-2: Ball
1-2: SINGLE (Groundball, 34D, EV 96.2 MPH)
Batting: RHB Carlos Kinney 0-0: Called Strike
Brian Wheat is caught stealing 2nd base 2-4
0-1: Foul Ball, location: 2F
0-2: Strikes out looking
Batting: LHB Kelvin Kenney 0-0: Ball
1-0: Ball
2-0: Called Strike
2-1: Ball
3-1: Base on Balls
Batting: RHB Ricky Douglas 0-0: Fly out, F3 (Popup, 34S, EV 76.2 MPH)
Top of the 4th over - 0 runs, 1 hit, 0 errors, 1 left on base; Toronto 1 - Hartford 1
BOTTOM OF THE 4TH
Hartford Whalers batting - Pitching for Toronto Canadians : RHP Drew Durham
Batting: LHB Amric Robinson 0-0: Foul Ball, location: 2F
0-1: Called Strike
0-2: Ball
1-2: Foul Ball, location: 2F
1-2: Ground out 6-3 (Groundball, 6, EV 95.6 MPH)
Batting: SHB JaQawn Schiegl 0-0: Swinging Strike
0-1: Called Strike
0-2: Strikes out swinging
Batting: RHB Amar Giles 0-0: Foul Ball, location: 2F
0-1: Called Strike
0-2: Ball
1-2: Foul Ball, location: 2F
1-2: Strikes out swinging
Bottom of the 4th over - 0 runs, 0 hits, 0 errors, 0 left on base; Toronto 1 - Hartford 1
TOP OF THE 5TH
Toronto Canadians batting - Pitching for Hartford Whalers : LHP James Sisson
Now in LF: Houston Yap
Now in RF: Ian Schreiber
Batting: LHB Braden Tallman 0-0: Swinging Strike
0-1: Swinging Strike
0-2: Foul Ball, location: 2F
0-2: Ball
1-2: Ball
2-2: Ground out 6-3 (Groundball, 6, EV 87.5 MPH)
Batting: RHB Dave Root 0-0: Called Strike
0-1: Swinging Strike
0-2: Foul Ball, location: 2F
0-2: Ball
1-2: Foul Ball, location: 2F
1-2: DOUBLE (Line Drive, 89XD, EV 103.8 MPH)
Batting: RHB Dave Babb 0-0: Called Strike
0-1: Ball
1-1: Called Strike
1-2: Ground out U3 (Groundball, 34, EV 85.0 MPH)
Dave Root to third
Pinch Hitting: RHB Jaboree Kafengauz 0-0: Ground out 3-1 (Groundball, 34, EV 107.5 MPH)
Top of the 5th over - 0 runs, 1 hit, 0 errors, 1 left on base; Toronto 1 - Hartford 1
BOTTOM OF THE 5TH
Hartford Whalers batting - Pitching for Toronto Canadians : RHP Drew Durham
Now at 2B: Hartley Muro
Now at 3B: Julius Simpson
Now in CF: Ryan De Faria
Batting: RHB Reilly Wren 0-0: Ball
1-0: Ball
2-0: Foul Ball, location: 2F
2-1: Foul Ball, location: 2F
2-2: Foul Ball, location: 2F
2-2: Ball
3-2: Foul Ball, location: 2F
3-2: Ground out 6-3 (Groundball, 6, EV 80.6 MPH)
Batting: RHB Simon Moody 0-0: Foul Ball, location: 2F
0-1: Ground out 5-3 (Groundball, 56S, EV 86.2 MPH)
Batting: RHB Seth Floyd 0-0: Called Strike
0-1: Ball
1-1: Fly out, F9 (Line Drive, 9, EV 90.6 MPH)
Bottom of the 5th over - 0 runs, 0 hits, 0 errors, 0 left on base; Toronto 1 - Hartford 1
TOP OF THE 6TH
Toronto Canadians batting - Pitching for Hartford Whalers : LHP James Sisson
Now at C: Wyatt McKenney
Batting: RHB Julius Simpson 0-0: Foul Ball, location: 2F
0-1: Foul Ball, location: 2F
0-2: Ball
1-2: Strikes out swinging
Batting: RHB Hartley Muro 0-0: Ball
1-0: Ball
2-0: Foul Ball, location: 2F
2-1: Ball
3-1: Base on Balls
Pinch Hitting: LHB Cory Petit 0-0: Ball
1-0: Ball
2-0: Ball
3-0: Base on Balls
Hartley Muro to second
Pinch Hitting: LHB Reese Bowman 0-0: Ball
Hartley Muro steals 3rd base
1-0: Ground out 5-3 (Groundball, 5S, EV 90.6 MPH)
Cory Petit to second
Batting: LHB Romeo Nester 0-0: Called Strike
0-1: Ball
1-1: Ball
2-1: Swinging Strike
2-2: Strikes out swinging
Top of the 6th over - 0 runs, 0 hits, 0 errors, 2 left on base; Toronto 1 - Hartford 1
BOTTOM OF THE 6TH
Hartford Whalers batting - Pitching for Toronto Canadians : RHP Drew Durham
Now at 1B: Cory Petit
Now in LF: Isaac Luo
Now in RF: Reese Bowman
Batting: LHB Ian Schreiber 0-0: Swinging Strike
0-1: Ball
1-1: Swinging Strike
1-2: Strikes out swinging
Batting: LHB Houston Yap 0-0: Ball
1-0: Called Strike
1-1: Called Strike
1-2: Ball
2-2: Foul Ball, location: 2F
2-2: Ball
3-2: Base on Balls
Batting: RHB Abel Kazaz 0-0: Called Strike
0-1: Swinging Strike
0-2: Strikes out looking
Batting: LHB Brian Washington 0-0: Ball
1-0: Fly out, F8 (Line Drive, 8RD, EV 96.2 MPH)
Bottom of the 6th over - 0 runs, 0 hits, 0 errors, 1 left on base; Toronto 1 - Hartford 1
TOP OF THE 7TH
Toronto Canadians batting - Pitching for Hartford Whalers : LHP James Sisson
Pitching: LHP Nathan Dorsey
Now at 3B: Tyrone Smith
Batting: LHB Isaac Luo 0-0: Ball
1-0: Called Strike
1-1: Ball
2-1: SINGLE (Groundball, 4D, EV 106.2 MPH)
Batting: RHB Dave Root 0-0: Ball
1-0: Ball
2-0: Sac Bunt to P - play at second, runner OUT! 1-6
Pinch Hitting: RHB Keon Pryor 0-0: Ball
1-0: Ball
2-0: Foul Ball, location: 2F
2-1: Called Strike
2-2: Foul Ball, location: 2F
2-2: Foul Ball, location: 2F
2-2: DOUBLE (Line Drive, 89XD, EV 106.2 MPH)
Dave Root to third
Runner from 3rd tries for Home, SAFE, throw by CF to home
Pinch Hitting: RHB Manuel Zaragoza 0-0: Called Strike
0-1: Called Strike
0-2: Ball
1-2: DOUBLE (Flyball, 8RXD, EV 96.9 MPH)
Keon Pryor scores
Batting: RHB Julius Simpson 0-0: Ball
1-0: Ball
2-0: SINGLE (Line Drive, 78S, EV 99.4 MPH)
Manuel Zaragoza to third
Batting: RHB Hartley Muro 0-0: Ground out 5-3 (Groundball, 56S, EV 60.0 MPH)
Julius Simpson to second
Batting: LHB Cory Petit 0-0: Ball
1-0: Ball
2-0: Called Strike
2-1: Ball
3-1: Foul Ball, location: 2F
3-2: Strikes out swinging
Top of the 7th over - 2 runs, 4 hits, 0 errors, 2 left on base; Toronto 3 - Hartford 1
BOTTOM OF THE 7TH
Hartford Whalers batting - Pitching for Toronto Canadians : RHP Drew Durham
Pitching: LHP Jordan Stephens
Now at SS: Keon Pryor
Now in CF: Manuel Zaragoza
Pinch Hitting: RHB Zyaire Semijenov 0-0: Fly out, F7 (Flyball, 7D, EV 101.2 MPH)
Pinch Hitting: LHB Gene Grimes 0-0: Ball
1-0: Ball
2-0: Ground out 6-3 (Groundball, 6, EV 96.2 MPH)
Batting: RHB Reilly Wren 0-0: Ball
1-0: Swinging Strike
1-1: Fly out, F7 (Flyball, 7D, EV 98.1 MPH)
Bottom of the 7th over - 0 runs, 0 hits, 0 errors, 0 left on base; Toronto 3 - Hartford 1
TOP OF THE 8TH
Toronto Canadians batting - Pitching for Hartford Whalers : LHP Nathan Dorsey
Pitching: LHP Seymour Tuchalski
Now at 1B: Gene Grimes
Now at SS: Zyaire Semijenov
Batting: LHB Reese Bowman 0-0: Foul Ball, location: 2F
0-1: Called Strike
0-2: Ball
1-2: Ball
2-2: SINGLE (Line Drive, 9S, EV 110.6 MPH)
Batting: LHB Romeo Nester 0-0: Sac Bunt to 25 - play at first, batter OUT! 1-3
Reese Bowman to second
Batting: LHB Isaac Luo 0-0: Fly out, F8 (Line Drive, 8RM, EV 105.6 MPH)
Batting: RHB Dave Root 0-0: Called Strike
0-1: Fly out, F9 (Flyball, 9LS, EV 71.2 MPH)
Top of the 8th over - 0 runs, 1 hit, 0 errors, 1 left on base; Toronto 3 - Hartford 1
BOTTOM OF THE 8TH
Hartford Whalers batting - Pitching for Toronto Canadians : LHP Jordan Stephens
Pitching: RHP Bruno Sheline
Batting: RHB Wyatt McKenney 0-0: Ball
1-0: Fly out, F8 (Line Drive, 8RD, EV 90.6 MPH)
Batting: RHB Tyrone Smith 0-0: Foul Ball, location: 2F
0-1: Foul Ball, location: 2F
0-2: DOUBLE (Line Drive, 8RD, EV 110.6 MPH)
Batting: LHB Ian Schreiber 0-0: Foul Ball, location: 2F
0-1: Called Strike
0-2: Fly out, F6 (Popup, 6M, EV 70.6 MPH)
Batting: LHB Houston Yap 0-0: Called Strike
0-1: Ball
1-1: SINGLE (Groundball, 4MD, EV 101.2 MPH)
Tyrone Smith to third
Runner from 3rd tries for Home, SAFE, throw by CF to home
Batting: RHB Abel Kazaz 0-0: Ball
1-0: Ball
2-0: Called Strike
2-1: Ball
3-1: Base on Balls
Houston Yap to second
Batting: LHB Brian Washington 0-0: Ground out 1-3 (Groundball, 13S, EV 71.9 MPH)
Bottom of the 8th over - 1 run, 2 hits, 0 errors, 2 left on base; Toronto 3 - Hartford 2
TOP OF THE 9TH
Toronto Canadians batting - Pitching for Hartford Whalers : LHP Seymour Tuchalski
Pitching: LHP Noel Fetter
Batting: RHB Keon Pryor 0-0: Ball
1-0: Called Strike
1-1: Ball
2-1: Fly out, F8 (Line Drive, 78M, EV 88.1 MPH)
Batting: RHB Manuel Zaragoza 0-0: Ball
1-0: Foul Ball, location: 2F
1-1: Fly out, F6 (Line Drive, 6, EV 71.9 MPH)
Batting: RHB Julius Simpson 0-0: Ball
1-0: Ball
2-0: Called Strike
2-1: Ball
3-1: Fly out, F7 (Line Drive, 7, EV 98.1 MPH)
Top of the 9th over - 0 runs, 0 hits, 0 errors, 0 left on base; Toronto 3 - Hartford 2
BOTTOM OF THE 9TH
Hartford Whalers batting - Pitching for Toronto Canadians : RHP Bruno Sheline
Pitching: RHP Derek Morris
Batting: RHB Zyaire Semijenov 0-0: Ground out 1-3 (Groundball, 13S, EV 64.4 MPH)
Batting: LHB Gene Grimes 0-0: Foul Ball, location: 2F
0-1: Ball
1-1: Swinging Strike
1-2: Ground out 4-3 (Groundball, 4, EV 90.6 MPH)
Batting: RHB Reilly Wren 0-0: Called Strike
0-1: Swinging Strike
0-2: Ball
1-2: Fly out, F7 (Flyball, 78D, EV 93.1 MPH)
Bottom of the 9th over - 0 runs, 0 hits, 0 errors, 0 left on base; Toronto 3 - Hartford 2
Tuesday, April 16th , 2024 - OOTP Baseball 23.10 Build 110